 Dungeon Crawl Stone Soup version 0.31-a0-145-g046c7d2549 (webtiles) character file.

Game seed: 5074449105271729032

3861 qw the Skirmisher (level 9, -4/81 HPs)
             Began as a Minotaur Hunter on June 7, 2023.
             Was a Believer of Okawaru.
             Slain by a meliai
             ... wielding a +0 hand axe
              (11 damage)
             ... while paralysed by a meliai
             ... on level 9 of the Dungeon.
             The game lasted 00:03:00 (7939 turns).

qw the Skirmisher (Minotaur Hunter)                 Turns: 7939, Time: 00:03:00

Health: -4/81      AC: 11    Str: 18    XL:     9   Next: 99%
Magic:  9/11       EV:  2    Int:  6    God:    Okawaru [**....]
Gold:   84         SH:  0    Dex: 22    Spells: 8/8 levels left

rFire   + . .        Y - +2 orcbow
rCold   + . .        (shield currently unavailable)
rNeg    + . .        p - +1 robe of the Four Princes {rF+ rN+ Str+3}
rPois   .            (helmet restricted)
rElec   .            b - +0 cloak
rCorr   .            o - +1 pair of gloves {Dex+3}
SInv    .            g - +2 pair of boots
Will    .....        i - amulet of faith
Stlth   ++++         h - ring of protection from cold
HPRegen 0.33/turn    (no ring)
MPRegen 0.12/turn

%: faith
@: paralysed, lethally poisoned (-4 -> -14), heroic
A: horns 2, retaliatory headbutt
a: Renounce Religion, Heroism


You were on level 9 of the Dungeon.
You worshipped Okawaru.
Okawaru was pleased with you.
You visited 2 branches of the dungeon, and saw 10 of its levels.

You collected 439 gold pieces.
You spent 355 gold pieces at shops.


Innate Abilities, Weirdness & Mutations

You have a pair of horns on your head.
You reflexively headbutt those who attack you in melee.


   Skills:
 - Level 8.0(13.0) Fighting
 - Level 12.3(17.3) Ranged Weapons
 - Level 4.0(9.0) Armour
 + Level 5.4(10.4) Dodging
 - Level 0.7(5.7) Stealth
 - Level 4.1 Invocations


You had 8 spell levels left.
You didn't know any spells.
Your spell library was empty.

Inventory:

Hand Weapons
 Y - a +2 orcbow (weapon)
Armour
 b - a +0 cloak (worn)
 g - a +2 pair of boots (worn)
 o - a +1 pair of gloves of dexterity (worn)
 p - the +1 robe of the Four Princes (worn) {rF+ rN+ Str+3}
   (You bought it in a shop on level 8 of the Dungeon)

   Str:       It affects your strength (+3).
   rF:        It protects you from fire.
   rN:        It protects you from negative energy.
 s - +0 acid dragon scales
Jewellery
 h - a ring of protection from cold (left hand)
 i - an amulet of faith (around neck)
 q - an amulet of the acrobat
Scrolls
 a - 6 scrolls of identify
 e - 6 scrolls of teleportation
Potions
 c - 3 potions of resistance
 d - a potion of might
 f - a potion of curing
 j - a potion of heal wounds
 m - a potion of mutation
 t - a potion of haste

Dungeon Overview and Level Annotations

Branches:
Dungeon (9/15)             Temple (1/1) D:5
   Lair: D:8-11         Orc: D:9-12

Altars:
Ashenzari
Cheibriados
Dithmenos
Elyvilon
Fedhas
Gozag
Kikubaaqudgha
Makhleb
Nemelex Xobeh
Okawaru
Qazlal
Sif Muna
Trog
Uskayaw
Vehumet
Wu Jian
Yredelemnul
Zin

Shops:
D:3 =   D:8 =*[

Annotations:
D:1 1 transporter
D:6 3 runed translucent doors, qw's ghost, novice GrFi


Message History

You kill the howler monkey!
Okawaru accepts your kill.
Found a book of Minor Magic.
An acid dragon comes into view.
Found a dagger.
The acid dragon moves out of view.
A red ugly thing comes into view.
You shoot an arrow. The arrow hits the red ugly thing!
The red ugly thing is lightly wounded.
A meliai comes into view.
It is wielding a +0 hand axe and carrying a wand of paralysis (3).
7931 ||| INVOKING Heroism.
You gain the combat prowess of a mighty hero.
You shoot an arrow. The arrow hits the red ugly thing.
The red ugly thing is moderately wounded.
You shoot an arrow.
The arrow closely misses the red ugly thing.
You shoot an arrow. The arrow hits the red ugly thing!
The red ugly thing is moderately wounded.
You shoot an arrow. The arrow hits the red ugly thing!
The red ugly thing is heavily wounded.
The meliai invokes the aid of its god against you.
Something smites you! The red ugly thing stings you!
You are engulfed in flames!
You resist.
You shoot an arrow. The arrow hits the red ugly thing.
The red ugly thing is heavily wounded.
The meliai zaps a wand.
You suddenly lose the ability to move!
The red ugly thing stings you.
You are engulfed in flames.
You resist.
The meliai zaps a wand.
You shrug off the repeated paralysis!
The red ugly thing stings you but does no damage.
The meliai zaps a wand.
You shrug off the repeated paralysis!
The now-empty wand crumbles to dust.
The meliai barely misses you. The meliai stings you.
The red ugly thing stings you.
You are engulfed in flames!
You resist. The meliai hits you with a +0 hand axe. The meliai stings you.
You are poisoned.
The meliai poisons you!
You feel very sick. The meliai hits you with a +0 hand axe!
The meliai stings you.
The red ugly thing stings you but does no damage.
The meliai hits you with a +0 hand axe!
You die...

...#... ... #
.....####... #)
.......:.. ...
#.......#
..#.......# .
#........#..
#.uyD......
#@.[.....
##........
..########....#...#
.......<.....## ...
............## .
....######%.# ...
#..# . #..# #..#


You could see a red ugly thing, an acid dragon and a meliai.

Vanquished Creatures
  A troll (D:8)
  Prince Ribbit (D:5)
  Sigmund (D:2)
  A steam dragon (D:7)
  An acid dragon (D:8)
  A water moccasin (D:8)
  Duvessa (D:7)
  3 ice beasts (D:8)
  3 sky beasts
  A black bear (D:7)
  An ogre (D:5)
  A wolf (D:8)
  2 centaurs
  2 kobold brigands
  2 bullfrogs
  7 scorpions
  9 wights
  Dowan (D:7)
  3 killer bees (D:5)
  A howler monkey (D:9)
  2 hounds
  2 orc priests (D:5)
  A gnoll bouda (D:6)
  An iguana (D:6)
  An orc wizard (D:5)
  2 centaur simulacra (D:8)
  5 gnolls (D:6)
  10 adders
  7 white imps
  A howler monkey simulacrum (D:8)
  An ufetubus (D:8)
  A worm (D:2)
  5 dart slugs
  18 orcs
  4 ball pythons
  3 endoplasms (D:1)
  4 giant cockroaches
  9 goblins
  3 hobgoblins
  4 jackals (D:1)
  14 kobolds
  4 quokkas
  6 bats
  4 frilled lizards
  4 rats
159 creatures vanquished.

Notes
Turn   | Place    | Note
-------+----------+-------------------------------------------
     0 | D:1      | qw the Minotaur Hunter began the quest for the Orb.
     0 | D:1      | Reached XP level 1. HP: 18/18 MP: 0/0
     0 | D:1      | 0 ||| qw: Version: 0.2-a-117-gc6b5c8b
     0 | D:1      | 0 ||| qw: Game counter: 2501
     0 | D:1      | 0 ||| qw: Always use a shield: true
     0 | D:1      | 0 ||| qw: God list: Okawaru
     0 | D:1      | 0 ||| qw: Allow faded altars: false
     0 | D:1      | 0 ||| qw: Do Orc after D:15 true
     0 | D:1      | 0 ||| qw: Do second Lair branch before Depths: true
     0 | D:1      | 0 ||| qw: Lair rune preference: random
     0 | D:1      | 0 ||| qw: Plans: Normal
     0 | D:1      | 0 ||| PLANNING D:1-11
    92 | D:1      | Reached XP level 2. HP: 25/25 MP: 1/1
    95 | D:1      | Reached skill level 5 in Ranged Weapons
   133 | D:1      | Reached skill level 3 in Fighting
   314 | D:1      | Reached XP level 3. HP: 31/31 MP: 2/2
   470 | D:1      | 470 ||| UPGRADING to +0 pair of gloves.
   475 | D:1      | 475 ||| UPGRADING to +0 ring mail.
   485 | D:1      | 485 ||| DROPPING +0 leather armour.
   486 | D:1      | 486 ||| READING 2 scrolls labelled WIKIPS GIFEJ.
   487 | D:1      | 487 ||| READING scroll labelled KANE POGOSEDOD.
   488 | D:1      | 488 ||| READING scroll labelled ZIKAENWAODI.
   489 | D:1      | 489 ||| READING scroll labelled VIAR LATYVVE.
   490 | D:1      | 490 ||| READING scroll labelled SORHUX POAR.
   495 | D:1      | 495 ||| DROPPING scroll of butterflies.
   552 | D:2      | Reached skill level 1 in Armour
   575 | D:2      | Found a shimmering blue altar of Sif Muna.
   892 | D:2      | Reached XP level 4. HP: 38/38 MP: 3/3
  1155 | D:2      | Noticed Sigmund
  1162 | D:2      | Killed Sigmund
  1163 | D:2      | Reached skill level 7 in Ranged Weapons
  1163 | D:2      | Reached XP level 5. HP: 30/45 MP: 4/4
  1337 | D:2      | 1337 ||| DRINKING 2 ruby potions.
  1338 | D:2      | 1338 ||| READING 3 scrolls of identify.
  1338 | D:2      | 1338 ||| IDENTIFYING golden potion
  1339 | D:2      | 1339 ||| READING 2 scrolls of identify.
  1339 | D:2      | 1339 ||| IDENTIFYING fuming dark potion
  1340 | D:2      | 1340 ||| DROPPING potion of invisibility.
  1341 | D:2      | 1341 ||| DROPPING potion of brilliance.
  1436 | D:3      | Reached XP level 6. HP: 50/52 MP: 5/5
  1649 | D:3      | Found a radiant altar of Vehumet.
  1855 | D:3      | Found Ratiar's Jewellery Shop.
  1864 | D:3      | 1864 ||| SHOPLISTING +4 ring of slaying (1092 gold, have
                  | 141).
  1864 | D:3      | 1864 ||| SHOPLISTING amulet of faith (560 gold, have 141).
  1864 | D:3      | 1864 ||| SHOPLISTING amulet of regeneration (420 gold, have
                  | 141).
  1864 | D:3      | 1864 ||| SHOPLISTING amulet of the acrobat (420 gold, have
                  | 141).
  1864 | D:3      | 1864 ||| SHOPLISTING ring "Bayxi" {rCorr EV+5 Str+5} (827
                  | gold, have 141).
  1864 | D:3      | 1864 ||| SHOPLISTING ring of Propriety {rC+ Will+ EV+5
                  | Dex+2} (837 gold, have 141).
  1864 | D:3      | 1864 ||| SHOPLISTING ring of see invisible (210 gold, have
                  | 141).
  2254 | D:3      | 2254 ||| DRINKING 2 sapphire potions.
  2255 | D:3      | 2255 ||| READING 2 scrolls of identify.
  2255 | D:3      | 2255 ||| IDENTIFYING smoky coppery potion
  2256 | D:3      | 2256 ||| DROPPING potion of attraction.
  2364 | D:4      | Reached skill level 8 in Ranged Weapons
  2752 | D:4      | Found a glowing silver altar of Zin.
  2872 | D:4      | 2872 ||| UPGRADING to +0 cloak.
  2877 | D:4      | 2877 ||| UPGRADING to +2 pair of boots.
  2882 | D:4      | 2882 ||| READING 5 scrolls of identify.
  2882 | D:4      | 2882 ||| IDENTIFYING coppery potion
  2883 | D:4      | 2883 ||| READING 4 scrolls of identify.
  2883 | D:4      | 2883 ||| IDENTIFYING fizzy ruby potion
  2905 | D:5      | Entered Level 5 of the Dungeon
  2905 | D:5      | Found a stormy altar of Qazlal.
  2909 | D:5      | 2909 ||| STAIRDANCE
  2910 | D:5      | Reached XP level 7. HP: 47/60 MP: 6/6
  2977 | D:5      | 2977 ||| Stepping ~*~*~tactically~*~*~ (outnumbered).
  2992 | D:5      | Reached skill level 3 in Dodging
  3137 | D:5      | Noticed Prince Ribbit
  3153 | D:5      | Killed Prince Ribbit
  3154 | D:5      | Reached skill level 9 in Ranged Weapons
  3312 | D:5      | Reached skill level 3 in Armour
  3424 | D:5      | Reached XP level 8. HP: 70/70 MP: 7/7
  3824 | D:5      | Found a staircase to the Ecumenical Temple.
  3825 | D:5      | 3825 ||| PLANNING TEMPLE
  3825 | D:5      | 3825 ||| UPGRADING to ring of protection from cold.
  3826 | D:5      | 3826 ||| READING 5 scrolls of identify.
  3826 | D:5      | 3826 ||| IDENTIFYING viscous clear potion
  3827 | D:5      | 3827 ||| DROPPING potion of degeneration.
  3836 | Temple   | Entered the Ecumenical Temple
  3858 | Temple   | 3858 ||| PLANNING OKAWARU WORSHIP
  3946 | Temple   | Became a worshipper of Warmaster Okawaru
  3946 | Temple   | 3946 ||| PLANNING D:1-11
  4127 | D:6      | Reached skill level 6 in Fighting
  4453 | D:6      | 4453 ||| Stepping ~*~*~tactically~*~*~ (outnumbered).
  4484 | D:6      | Reached skill level 10 in Ranged Weapons
  4668 | D:6      | 4668 ||| Stepping ~*~*~tactically~*~*~ (outnumbered).
  4669 | D:6      | 4669 ||| Stepping ~*~*~tactically~*~*~ (outnumbered).
  4672 | D:6      | 4672 ||| Stepping ~*~*~tactically~*~*~ (outnumbered).
  4689 | D:6      | 4689 ||| UPGRADING to amulet of faith.
  4735 | D:6      | HP: 17/71 [rat (2)]
  4736 | D:6      | 4736 ||| READING 3 scrolls of teleportation.
  4923 | D:6      | Reached * piety under Okawaru
  4956 | D:6      | Noticed qw's ghost (novice GrFi)
  4957 | D:6      | Found a runed translucent gate.
  4957 | D:6      | Found a runed translucent gate.
  4957 | D:6      | Found a runed translucent gate.
  4957 | D:6      | Identified the +1 chain mail "Ryfruc" {Will+ rCorr Int-5}
  5065 | D:6      | Reached skill level 1 in Invocations
  5164 | D:6      | Identified the +3 leather armour of Alyapt Raffa {Int+3}
  5257 | D:6      | 5257 ||| READING scroll labelled BETAH IRUC.
  5377 | D:7      | Noticed Dowan
  5378 | D:7      | 5378 ||| INVOKING Heroism.
  5386 | D:7      | Killed Dowan
  5419 | D:7      | Noticed Duvessa
  5430 | D:7      | Killed Duvessa
  5712 | D:7      | 5712 ||| INVOKING Heroism.
  5833 | D:7      | Reached skill level 3 in Invocations
  5833 | D:7      | Reached XP level 9. HP: 64/76 MP: 8/10
  5835 | D:7      | 5835 ||| INVOKING Heroism.
  6034 | D:7      | 6034 ||| INVOKING Heroism.
  6155 | D:7      | 6155 ||| INVOKING Heroism.
  6258 | D:7      | 6258 ||| INVOKING Heroism.
  6485 | D:7      | Reached skill level 11 in Ranged Weapons
  6541 | D:7      | 6541 ||| SWAPPING to +0 orcbow.
  6542 | D:7      | 6542 ||| DROPPING +0 shortbow.
  6825 | D:7      | 6825 ||| READING 2 scrolls labelled UWETZE COESAH.
  6826 | D:7      | 6826 ||| READING 6 scrolls of identify.
  6826 | D:7      | 6826 ||| IDENTIFYING fuming inky potion
  6827 | D:7      | 6827 ||| READING 5 scrolls of identify.
  6827 | D:7      | 6827 ||| IDENTIFYING purple potion
  6828 | D:7      | 6828 ||| DROPPING scroll of magic mapping.
  6829 | D:7      | 6829 ||| DROPPING potion of enlightenment.
  6902 | D:8      | Found Faokum's Antique Armour Shop.
  6911 | D:8      | Found Orysygap's General Store.
  6914 | D:8      | 6914 ||| BUYING pair of glowing gloves (187 gold).
  6914 | D:8      | Bought a pair of glowing gloves for 187 gold pieces
  6914 | D:8      | 6914 ||| BUYING shimmering robe (142 gold).
  6914 | D:8      | Bought a shimmering robe for 142 gold pieces
  6914 | D:8      | Identified the +1 robe of the Four Princes {rF+ rN+ Str+3}
                  | (You bought it in a shop on level 8 of the Dungeon)
  6920 | D:8      | 6920 ||| SHOPLISTING potion of haste (130 gold, have 72).
  6920 | D:8      | 6920 ||| BUYING scroll of identify (26 gold).
  6920 | D:8      | Bought a scroll of identify for 26 gold pieces
  7047 | D:8      | Found Fievedet's Jewellery Shop.
  7052 | D:8      | 7052 ||| SHOPLISTING +5 ring of evasion (432 gold, have
                  | 57).
  7052 | D:8      | 7052 ||| SHOPLISTING amulet of reflection (360 gold, have
                  | 57).
  7052 | D:8      | 7052 ||| SHOPLISTING ring "Mocoil" {Wiz rElec rF- Will++
                  | MP+9} (838 gold, have 57).
  7052 | D:8      | 7052 ||| SHOPLISTING ring of Happiness {rElec rN+ Will+
                  | Dex+3 Stlth-} (534 gold, have 57).
  7052 | D:8      | 7052 ||| SHOPLISTING ring of willpower (300 gold, have 57).
  7159 | D:8      | Reached ** piety under Okawaru
  7344 | D:8      | Reached skill level 12 in Ranged Weapons
  7349 | D:8      | Found an ancient bone altar of Kikubaaqudgha.
  7468 | D:8      | 7468 ||| Stepping ~*~*~tactically~*~*~ (outnumbered).
  7470 | D:8      | 7470 ||| Stepping ~*~*~tactically~*~*~ (outnumbered).
  7472 | D:8      | 7472 ||| Stepping ~*~*~tactically~*~*~ (outnumbered).
  7478 | D:8      | 7478 ||| INVOKING Heroism.
  7635 | D:8      | Noticed a troll
  7739 | D:8      | 7739 ||| INVOKING Heroism.
  7748 | D:8      | Killed a troll
  7855 | D:8      | 7855 ||| UPGRADING to +1 pair of gloves of dexterity.
  7865 | D:8      | 7865 ||| DROPPING +0 pair of gloves.
  7866 | D:8      | 7866 ||| UPGRADING to +1 robe of the Four Princes {rF+ rN+
                  | Str+3}.
  7876 | D:8      | 7876 ||| DROPPING +0 ring mail.
  7878 | D:8      | 7878 ||| READING 2 scrolls labelled WEJESO NUICS.
  7879 | D:8      | 7879 ||| READING scroll of enchant weapon.
  7879 | D:8      | 7879 ||| ENCHANTING +1 orcbow.
  7880 | D:8      | 7880 ||| READING 8 scrolls of identify.
  7880 | D:8      | 7880 ||| IDENTIFYING cyan potion
  7889 | D:8      | 7889 ||| READING 7 scrolls of identify.
  7889 | D:8      | 7889 ||| IDENTIFYING fuming ruby potion
  7890 | D:8      | 7890 ||| DROPPING potion of lignification.
  7930 | D:9      | Noticed a red ugly thing
  7930 | D:9      | Noticed a meliai
  7931 | D:9      | 7931 ||| INVOKING Heroism.
  7936 | D:9      | Paralysed by a meliai for 3 turns
  7938 | D:9      | HP: 19/81 [meliai/+0 hand axe (3)]
  7939 | D:9      | HP: 8/81 [meliai/+0 hand axe (7)]
  7939 | D:9      | Slain by a meliai

Levels and vault maps discovered:
D:1:      spicycebolla_arrival_risky_transporter, layout_rooms
D:2:      layout_basic, basic_altar, minmay_misc_feat_five, uniq_sigmund
D:3:      layout_basic, vehumet_altar_wand_db, serial_shops,
          nicolae_shop_tiny_glass, minmay_increasing_density
D:4:      layout_rooms, zin_scriptorium
D:5:      layout_loops_ring, nicolae_qazlal_scattered_showers, temple_hall,
          uniq_prince_ribbit1
D:6:      layout_loops_ring, biasface_ghost_orc_armoury, lexackson_kobold_supper
D:7:      layout_basic, uniq_duvessa
D:8:      layout_rooms, marbit_many_paths, serial_shops,
          nicolae_shop_statue_plus, shop, nicolae_shop_tiny_real_fake_doors,
          serial_ice, serial_ice_n, serial_ice_g, serial_ice_b, serial_ice_d,
          serial_ice_c, serial_ice_e, kennysheep_opposing_triangles
D:9:      minmay_bloctagon_deflated, layout_layer_cave, xom_confusion_cloud,
          kennysheep_little_box, minivault_16, serial_bayou_pond_b,
          kennysheep_generic_room_8
Temple:   jpeg_temple_clearing

Skill      XL: |  1  2  3  4  5  6  7  8  9 |
---------------+----------------------------+-----
Ranged Weapons | 5 7 8 9 10 12 | 12.3
Fighting       | 3 4 5 7 8 |  8.0
Armour         | 1 2 3 4 |  4.0
Dodging        | 3 4 5 |  5.4
Invocations    | 3 4 |  4.1
Stealth        | |  0.7

Action                     |  1- 3 |  4- 6 |  7- 9 || total
---------------------------+-------+-------+-------++-------
   Fire: Shortbow          |   103 |   118 |   303 ||   524
         Orcbow            |       |       |   132 ||   132
 Invoke: Heroism           |       |       |     9 ||     9
    Use: Scroll            |     5 |     5 |    10 ||    20
         Potion            |       |     2 |       ||     2
 Armour: Leather armour    |    10 |       |       ||    10
         Ring mail         |     7 |    17 |   137 ||   161
         Robe              |       |       |     2 ||     2
  Dodge: Dodged            |    39 |    32 |   207 ||   278

Table legend:
 A = Non-vault XP
 B = Vault XP
 C = Vault XP percentage of total XP
 D = Non-vault monster count
 E = Vault monster count
 F = Vault count percentage of total count
                 A         B        C        D         E       F
            +---------+---------+-------+---------+---------+-------
      Total |    3485 |    2032 |  36.8 |     123 |      36 |  22.6
            +---------+---------+-------+---------+---------+-------
        D:1 |      47 |       0 |   0.0 |      23 |       0 |   0.0
        D:2 |      56 |     214 |  79.3 |      18 |       1 |   5.3
        D:3 |     136 |      29 |  17.6 |      11 |      10 |  47.6
        D:4 |     179 |       0 |   0.0 |      10 |       0 |   0.0
        D:5 |     510 |     264 |  34.1 |      17 |       1 |   5.6
        D:6 |     566 |     108 |  16.0 |      14 |       7 |  33.3
        D:7 |    1353 |     205 |  13.2 |      17 |       2 |  10.5
        D:8 |     583 |    1212 |  67.5 |      12 |      15 |  55.6
        D:9 |      55 |       0 |   0.0 |       1 |       0 |   0.0
            +---------+---------+-------+---------+---------+-------
